 Dungeon Crawl Stone Soup version 0.29-a0-653-gd47aff6735 (webtiles) character file.

Game seed: 8576907241059599015

1097 zeratav the Archer (level 8, 0/37 HPs)
             Began as a Spriggan Arcane Marksman on June 22, 2022.
             Was an Initiate of Dithmenos.
             Succumbed to Maggie's poison
             ... on level 6 of the Dungeon.
             The game lasted 00:08:38 (5857 turns).

zeratav the Archer (Spriggan Arcane Marksman)       Turns: 5857, Time: 00:08:39

Health: 0/37       AC:  2    Str: 10    XL:     8   Next: 10%
Magic:  11/11      EV: 17    Int: 13    God:    Dithmenos [......]
Gold:   210        SH:  0    Dex: 17    Spells: 8/9 levels left

rFire   + . .      SeeInvis +   a - +0 shortbow {bow}
rCold   . . .      Faith    .   (shield currently unavailable)
rNeg    . . .      Spirit   .   b - +0 robe
rPois   .          Reflect  .   (helmet restricted)
rElec   .          Harm     .   (no cloak)
rCorr   .          Rampage  .   (gloves unavailable)
Will    +....                   (boots unavailable)
Stlth   +++.......              (no amulet)
HPRegen 0.12/turn               e - ring of protection from fire
MPRegen 0.12/turn               (no ring)

@: lethally poisoned (0 -> -15), mesmerised, very quick
A: very small, no large weapons, unfitting armour, see invisible, speed 3,
strong 1, wild magic 1
a: Renounce Religion


You were on level 6 of the Dungeon.
You worshipped Dithmenos.
Dithmenos was noncommittal.
You visited 1 branch of the dungeon, and saw 6 of its levels.

You collected 210 gold pieces.


Innate Abilities, Weirdness & Mutations

You are very small and have problems with some larger weapons.
You are too small for most types of armour.
You have supernaturally acute eyesight. (SInv)
You cover ground extremely quickly. (Speed+++)
Your muscles are strong. (Str +4, Int/Dex-1)
Your spells are a little harder to cast, but a little more powerful.


   Skills:
 - Level 0.7 Fighting
 + Level 10.9 Bows
 - Level 2.6 Dodging
 - Level 5.0 Stealth
 - Level 1.3 Spellcasting
 - Level 3.6 Hexes


You had 8 spell levels left.
You knew the following spells:

 Your Spells              Type           Power      Damage    Failure   Level
a - Slow                  Hex            52%        N/A       10%         1

Your spell library contained the following spells:

 Spells                   Type           Power      Damage    Failure   Level
 Inner Flame              Hex/Fire       7%         N/A       45%         3
 Portal Projectile        Hex/Tloc       14%        N/A       45%         3
 Sublimation of Blood     Necr           1%         N/A       47%         2
 Cause Fear               Hex            6%         N/A       61%         4
 Petrify                  Tmut/Erth      1%         N/A       97%         4
 Fireball                 Conj/Fire      0%         3d3       100%        5
 Irradiate                Conj/Tmut      0%         3d13      100%        5
 Starburst                Conj/Fire      0%         6d3       100%        6
 Ignition                 Fire           0%         3d3       100%        8

Inventory:

Hand Weapons
 a - a +0 shortbow (weapon) {bow}
Armour
 b - a +0 robe (worn)
Jewellery
 e - a ring of protection from fire (left hand)
   (You found it on level 1 of the Dungeon)
 v - an amulet of guardian spirit
   (You found it on level 5 of the Dungeon)
Wands
 u - a wand of flame (16)
   (You took it off a hobgoblin on level 5 of the Dungeon)
Scrolls
 c - 2 scrolls of vulnerability {!r!r}
 d - 7 scrolls of identify {unknown}
 g - a scroll of noise {unknown}
 h - a scroll of teleportation {unknown}
 l - a scroll of summoning {unknown}
 m - 2 scrolls of blinking {unknown}
 o - a scroll of brand weapon {unknown}
 p - a scroll of immolation {unknown}
 r - a scroll of magic mapping {unknown}
 s - a scroll of enchant weapon {unknown}
 t - a scroll of fog {unknown}
 w - a scroll of enchant armour {unknown}
Potions
 f - 2 potions of invisibility {unknown}
 i - a potion of magic {unknown}
 j - a potion of berserk rage {unknown}
 k - 2 potions of curing {unknown}
 n - a potion of haste {unknown}
 q - 2 potions of mutation {!q}

Dungeon Overview and Level Annotations

Branches:
Dungeon (6/15) Zot: 26883
 Temple: D:4-7

Altars:
Dithmenos
Elyvilon
Sif Muna
Vehumet

Annotations:
D:4 Ijyb
D:6 Maggie

..# #...###.# #.#
###........ #.#
#.........# # #.#
#.##..##### #.
#.###.##..###
#.#####.#......@...
...#...#'#.##.#.##
####.#.......# .#@#
#.......@@...# .# .
####.##......# ..
.# #Y#.......#
#.#.####### #...#
#####


You could see Maggie (mesmerising).


Message History

You shoot an arrow. The arrow hits Maggie.
Shoot: a) +0 shortbow {bow}
Press: ? - help, Q - select action, (/) - cycle Shift-Dir - straight line, f/p - Maggie
Aim: Maggie, wielding a +2 broad axe of venom and wearing +0 steam dragon scales (lightly wounded, slow, 66% to hit)
You shoot an arrow. The arrow barely misses Maggie.
Shoot: a) +0 shortbow {bow}
Press: ? - help, Q - select action, (/) - cycle Shift-Dir - straight line, f/p - Maggie
Aim: Maggie, wielding a +2 broad axe of venom and wearing +0 steam dragon scales (lightly wounded, slow, 66% to hit)
You shoot an arrow. The arrow hits Maggie!
Shoot: a) +0 shortbow {bow}
Press: ? - help, Q - select action, (/) - cycle Shift-Dir - straight line, f/p - Maggie
Aim: Maggie, wielding a +2 broad axe of venom and wearing +0 steam dragon scales (moderately wounded, slow, 66% to hit)
You shoot an arrow. The arrow hits Maggie!
Shoot: a) +0 shortbow {bow}
Press: ? - help, Q - select action, (/) - cycle Shift-Dir - straight line, f/p - Maggie
Aim: Maggie, wielding a +2 broad axe of venom and wearing +0 steam dragon scales (moderately wounded, slow, 66% to hit)
You shoot an arrow. The arrow barely misses Maggie.
Maggie says, "How do the people who live here stand the isolation?"
MP[+1]
Your mp is fully restored (11).
Shoot: a) +0 shortbow {bow}
Press: ? - help, Q - select action, (/) - cycle Shift-Dir - straight line, f/p - Maggie
Aim: Maggie, wielding a +2 broad axe of venom and wearing +0 steam dragon scales (moderately wounded, slow, 66% to hit)
You shoot an arrow. The arrow hits Maggie!
Maggie barely misses you.
Shoot: a) +0 shortbow {bow}
Press: ? - help, Q - select action, (/) - cycle Shift-Dir - straight line, f/p - Maggie
Aim: Maggie, wielding a +2 broad axe of venom and wearing +0 steam dragon scales (heavily wounded, slow, 66% to hit)
You shoot an arrow. The arrow hits Maggie!
Shoot: a) +0 shortbow {bow}
Press: ? - help, Q - select action, (/) - cycle Shift-Dir - straight line, f/p - Maggie
Aim: Maggie, wielding a +2 broad axe of venom and wearing +0 steam dragon scales (severely wounded, slow, 66% to hit)
You shoot an arrow.
The arrow hits Maggie but does no damage.
Maggie points at you and mumbles some strange words.
The bolt of fire misses you.
Shoot: a) +0 shortbow {bow}
Press: ? - help, Q - select action, (/) - cycle Shift-Dir - straight line, f/p - Maggie
Aim: Maggie, wielding a +2 broad axe of venom and wearing +0 steam dragon scales (severely wounded, slow, 66% to hit)
You shoot an arrow.
The arrow hits Maggie but does no damage.
Shoot: a) +0 shortbow {bow}
Press: ? - help, Q - select action, (/) - cycle Shift-Dir - straight line, f/p - Maggie
Aim: Maggie, wielding a +2 broad axe of venom and wearing +0 steam dragon scales (severely wounded, slow, 66% to hit)
You shoot an arrow. The arrow hits Maggie!
Maggie hits you with a +2 broad axe of venom!
You are poisoned.
HP[-7]
You take 7 damage, and now have 30/37 hp.
Shoot: a) +0 shortbow {bow}
Press: ? - help, Q - select action, (/) - cycle Shift-Dir - straight line, f/p - Maggie
Aim: Maggie, wielding a +2 broad axe of venom and wearing +0 steam dragon scales (almost dead, slow, 66% to hit)
You shoot an arrow. The arrow completely misses Maggie.
You feel very sick.
Maggie says, "Fear not.
I will immortalize you in the tale of my first kill."
Maggie gestures at you while chanting. The bolt of fire hits you! You resist.
* * * LOW HITPOINT WARNING * * *
HP[-13]
You take 13 damage, and now have 17/37 hp.
MASSIVE DAMAGE!! (PAUSE) Shoot: a) +0 shortbow {bow}
Press: ? - help, Q - select action, (/) - cycle Shift-Dir - straight line, f/p - Maggie
Aim: Maggie, wielding a +2 broad axe of venom and wearing +0 steam dragon scales (almost dead, slow, 66% to hit)
You shoot an arrow. The arrow barely misses Maggie.
You feel sick.
HP[-2]
You take 2 damage, and now have 15/37 hp.
Shoot: a) +0 shortbow {bow}
Press: ? - help, Q - select action, (/) - cycle Shift-Dir - straight line, f/p - Maggie
Aim: Maggie, wielding a +2 broad axe of venom and wearing +0 steam dragon scales (almost dead, slow, 66% to hit)
You shoot an arrow. The arrow closely misses Maggie.
You feel sick.
Maggie is no longer moving slowly.
Maggie completely misses you.
HP[-1]
You take 1 damage, and now have 14/37 hp.
Shoot: a) +0 shortbow {bow}
Press: ? - help, Q - select action, (/) - cycle Shift-Dir - straight line, f/p - Maggie
Aim: Maggie, wielding a +2 broad axe of venom and wearing +0 steam dragon scales (almost dead, 66% to hit)
You shoot an arrow. The arrow closely misses Maggie.
You feel sick.
Maggie hits you with a +2 broad axe of venom.
* * * LOW HITPOINT WARNING * * *
You are lethally poisoned!
HP[-6]
You take 6 damage, and now have 8/37 hp.
Aiming: Throw Flame
Press: ? - help, Shift-Dir - straight line, f/p - Maggie
Aim: Maggie, wielding a +2 broad axe of venom and wearing +0 steam dragon scales (almost dead, 68% to hit)
The puff of flame misses Maggie.
* * * LOW HITPOINT WARNING * * *
You feel very sick.
Maggie mumbles some strange words.
Maggie attempts to bespell you!
You are mesmerised by Maggie!
HP[-5]
You take 5 damage, and now have 3/37 hp.
Okay, then.
It was a potion of mutation.
You feel extremely strange.
You feel stronger.
You feel less in control of your magic.
You die...

Skill      XL: |  1  2  3  4  5  6  7 |
---------------+----------------------+-----
Bows           | 3 4 5 6 7 9 10 | 10.9
Stealth        | 5 |  5.0
Fighting       | |  0.7
Dodging        | |  2.6
Spellcasting   | |  1.3
Hexes          | |  3.6

Action                   |  1- 3 |  4- 6 |  7- 9 || total
-------------------------+-------+-------+-------++-------
 Fire: Shortbow          |   115 |   157 |   100 ||   372
 Cast: Slow              |     3 |     7 |     9 ||    19
Evoke: Wand              |       |       |     9 ||     9
  Use: Potion            |       |       |     1 ||     1
Armor: Robe              |     5 |     2 |     1 ||     8
Dodge: Dodged            |    59 |    48 |    18 ||   125

Levels and vault maps discovered:
D:1:      wander_arrival_desolate, layout_loops_ring,
          hellmonk_ecumenical_altar_watching_god
D:2:      layout_rooms, minmay_shallow_snake_nest
D:3:      layout_basic, minivault_4
D:4:      layout_loops_ring, nicolae_dithmenos_shadow_blocks,
          overflow_temple_1_default, lemuel_coloured_pillars_altar, uniq_ijyb,
          uniq_blork_the_orc
D:5:      layout_layer_cave, vehumet_altar_wand_db
D:6:      layout_basic, jmf_multi_god_temple, grunt_temple_overflow_diamond,
          chequers_serial_rivers_large_a, uniq_maggie

Notes
Turn   | Place    | Note
-------+----------+-------------------------------------------
     0 | D:1      | zeratav the Spriggan Arcane Marksman began the quest for
                  | the Orb.
     0 | D:1      | Reached XP level 1. HP: 9/9 MP: 3/3
     0 | D:1      | magus.rc [v1.9.6]
    23 | D:1      | Reached skill level 3 in Bows
   133 | D:1      | Reached XP level 2. HP: 14/14 MP: 5/5
   211 | D:1      | You pick up a book of Fire and begin reading...
   211 | D:1      | You add the spells Fireball, Starburst and Ignition to your
                  | library.
   308 | D:1      | Reached skill level 4 in Bows
   618 | D:1      | Reached XP level 3. HP: 17/17 MP: 6/6
   949 | D:1      | Found a faded altar of an unknown god.
   949 | D:1      | Noticed a shining eye
  1153 | D:1      | Noticed a shining eye
  1163 | D:1      | Noticed an eye of devastation
  1174 | D:1      | Noticed a great orb of eyes
  1321 | D:2      | Reached skill level 5 in Bows
  1502 | D:2      | Reached XP level 4. HP: 21/21 MP: 7/7
  1839 | D:3      | Noticed a black bear
  1862 | D:3      | Killed a black bear
  1863 | D:3      | Reached skill level 6 in Bows
  1863 | D:3      | Reached XP level 5. HP: 25/25 MP: 8/8
  2173 | D:3      | Reached skill level 7 in Bows
  2806 | D:4      | Found a shimmering blue altar of Sif Muna.
  2894 | D:4      | Noticed Ijyb
  3211 | D:3      | Reached XP level 6. HP: 14/29 MP: 9/9
  3502 | D:4      | Found a shadowy altar of Dithmenos.
  3513 | D:4      | Became a worshipper of Dithmenos the Shadowed
  3837 | D:4      | Reached skill level 8 in Bows
  3837 | D:4      | Found a white marble altar of Elyvilon.
  3939 | D:4      | Noticed Blork the orc
  3950 | D:4      | Killed Blork the orc
  4129 | D:4      | Reached skill level 9 in Bows
  4129 | D:4      | Reached XP level 7. HP: 32/32 MP: 8/10
  4242 | D:5      | Entered Level 5 of the Dungeon
  4310 | D:5      | Found a radiant altar of Vehumet.
  4680 | D:5      | Reached skill level 10 in Bows
  4680 | D:5      | Reached skill level 2 in Stealth
  4729 | D:5      | Reached skill level 4 in Stealth
  5111 | D:5      | Reached skill level 5 in Stealth
  5346 | D:5      | HP: 2/32 [ogre/+0 giant spiked club (30)]
  5390 | D:5      | Reached XP level 8. HP: 7/37 MP: 11/11
  5654 | D:5      | You pick up a book of Alchemy and begin reading...
  5654 | D:5      | You add the spells Sublimation of Blood, Petrify and
                  | Irradiate to your library.
  5828 | D:6      | Noticed Maggie
  5855 | D:6      | HP: 8/37 [Maggie/+2 broad axe of venom (5)]
  5856 | D:6      | HP: 3/37 [poisoned by Maggie]
  5857 | D:6      | Gained mutation: Your muscles are strong. (Str +4,
                  | Int/Dex-1) [potion of mutation]
  5857 | D:6      | Gained mutation: Your spells are a little harder to cast,
                  | but a little more powerful. [potion of mutation]
  5857 | D:6      | Succumbed to Maggie's poison

Vanquished Creatures
  An ice beast (D:6)
  2 black bears
  2 ogres (D:5)
  Blork the orc (D:4)
  4 scorpions
  2 hounds
  An orc priest (D:4)
  A jelly (D:5)
  An iguana (D:5)
  An orc wizard (D:3)
  A gnoll (D:1)
  8 adders
  A white imp (D:5)
  A dart slug (D:4)
  5 orcs (D:3)
  8 ball pythons
  4 endoplasms
  A giant cockroach (D:1)
  5 goblins
  9 hobgoblins
  6 jackals (D:1)
  9 quokkas
  8 bats
  4 frilled lizards
  4 kobolds
  7 rats
97 creatures vanquished.

Table legend:
 A = Non-vault XP
 B = Vault XP
 C = Vault XP percentage of total XP
 D = Non-vault monster count
 E = Vault monster count
 F = Vault count percentage of total count
                 A         B        C        D         E       F
            +---------+---------+-------+---------+---------+-------
      Total |    1453 |     115 |   7.3 |      93 |       4 |   4.1
            +---------+---------+-------+---------+---------+-------
        D:1 |      63 |       0 |   0.0 |      30 |       0 |   0.0
        D:2 |      52 |      14 |  21.2 |      13 |       2 |  13.3
        D:3 |     238 |       0 |   0.0 |      24 |       0 |   0.0
        D:4 |     273 |      99 |  26.6 |      14 |       1 |   6.7
        D:5 |     698 |       2 |   0.3 |      11 |       1 |   8.3
        D:6 |     129 |       0 |   0.0 |       1 |       0 |   0.0
            +---------+---------+-------+---------+---------+-------

Illustrated notes

Table legend:
 A = Kills in this place as a percentage of kills in entire the game.
 B = Kills by you in this place as a percentage of kills by you in the entire game.
 C = Kills by friends in this place as a percentage of kills by friends in the entire game.
 D = Other kills in this place as a percentage of other kills in the entire game.
 E = Experience gained in this place as a percentage of experience gained in the entire game.
 F = Experience gained in this place divided by the number of levels of this place that you have seen.
                   A       B       C       D       E      F
               +-------+-------+-------+-------+-------+----------------------
         Total | 100.0 | 100.0 |   N/A |   N/A | 100.0 | 261.3
       Dungeon | 100.0 | 100.0 |   N/A |   N/A | 100.0 | 261.3
               +-------+-------+-------+-------+-------+----------------------

Table legend: (Time is in decaauts)
 A = Elapsed time spent in this place.
 B = Non-inter-level travel time spent in this place.
 C = Inter-level travel time spent in this place.
 D = Time resting spent in this place.
 E = Time spent auto-exploring this place.
 F = Levels seen in this place.
 G = Mean time per level.
                   A        B        C        D        E       F      G
               +--------+--------+--------+--------+--------+-----+--------+
         Total |   4609 |   4510 |     99 |   1159 |   2584 |   6 |  768.2 |
       Dungeon |   4609 |   4510 |     99 |   1159 |   2584 |   6 |  768.2 |
               +--------+--------+--------+--------+--------+-----+--------+

Top non-repeatable levels by time:
     D:3: 1187 daAuts
     D:5: 1082 daAuts
     D:1: 1039 daAuts
     D:4: 753 daAuts
     D:2: 430 daAuts
     D:6: 116 daAuts
